 Dungeon Crawl Stone Soup version 0.30.1-11-g7821555f0a (webtiles) character file.

Game seed: 8014517595636444877

534 lonewolfV2 the Blocker (level 7, -6/58 HPs)
             Began as a Formicid Fighter on Nov 16, 2023.
             Mangled by a gnoll
             ... wielding a +3 halberd of venom
             ... led by a gnoll bouda
              (12 damage)
             ... on level 4 of the Dungeon.
             The game lasted 00:04:08 (2981 turns).

lonewolfV2 the Blocker (Formicid Fighter)           Turns: 2981, Time: 00:04:08

Health: -6/58      AC: 11    Str: 22    XL:     7   Next: 50%
Magic:  7/7        EV:  6    Int:  8    God:
Gold:   1310       SH:  6    Dex: 13    Spells: 6/6 levels left

rFire   . . .        a - +0 war axe
rCold   . . .        c - +0 buckler
rNeg    . . .        h - +0 plate armour
rPois   .            (helmet unavailable)
rElec   .            (no cloak)
rCorr   .            (no gloves)
SInv    +            (no boots)
Will    .....        f - amulet of the acrobat Stlth
                     (no ring)
HPRegen 0.29/turn    (no ring)
MPRegen 0.10/turn

%: acrobat
@: weakened
A: permanent stasis, dig shafts and tunnels, antennae 3, four strong arms
a: Dig, Shaft Self


You were on level 4 of the Dungeon.
You visited 1 branch of the dungeon, and saw 4 of its levels.

You collected 1310 gold pieces.

Inventory:

Hand Weapons
 a - a +0 war axe (weapon)
Armour
 c - a +0 buckler (worn)
 h - a +0 plate armour (worn)
Jewellery
 b - an amulet of regeneration
 f - an amulet of the acrobat (around neck)
Wands
 j - a wand of polymorph (8)
Scrolls
 k - a scroll of magic mapping
Potions
 d - 2 potions of might
 e - a potion of attraction
 g - 2 potions of resistance
 i - a potion of magic
 l - a potion of ambrosia {unknown}
 m - a potion of berserk rage {unknown}
 n - a potion of lignification
 o - 2 potions of curing {unknown}


   Skills:
 * Level 6.2 Fighting
 - Level 2.0 Axes
 - Level 3.2 Armour
 + Level 8.5 Shields


You had 6 spell levels left.
You didn't know any spells.
Your spell library contained the following spells:

 Spells                   Type           Power      Damage    Failure   Level
 Lesser Beckoning         Tloc           0%         N/A       100%        2
 Momentum Strike          Conj/Tloc      0%         3d8       100%        2
 Gell's Gravitas          Tloc           0%         N/A       100%        3
 Teleport Other           Tloc           0%         N/A       100%        3
 Blink                    Tloc           Unusable   N/A       N/A         2

Dungeon Overview and Level Annotations

Branches:
Dungeon (4/15)
 Temple: D:4-7

Altars:
Dithmenos
Makhleb
Vehumet
Wu Jian
Xom


Innate Abilities, Weirdness & Mutations

You cannot be hasted, slowed, berserked, paralysed or teleported.
You can dig through walls and to a lower floor.
You have a pair of large antennae on your head. (SInv)
Your four strong arms can wield two-handed weapons with a shield.


Message History

The gnoll bouda barks out a call to the hunt!
The gnolls pick up the pace!
You barely miss the gnoll bouda. The gnoll hits you but does no damage.
The gnoll bouda hits you with a +0 whip.
You hit the gnoll bouda but do no damage.
Your attacks no longer feel as feeble.
The gnoll is no longer moving quickly.
The gnoll hits you but does no damage. You block the gnoll bouda's attack.
You block the gnoll's attack.
You hit the gnoll bouda.
The gnoll bouda is lightly wounded.
The gnoll is no longer moving quickly.
The gnoll bouda hits you with a +0 whip.
The gnoll hits you from afar with a +0 spear.
The gnoll bouda gazes fiercely through you!
You feel your attacks grow feeble.
The gnoll bouda hits you but does no damage.
You hit the gnoll bouda.
The gnoll bouda is moderately wounded.
You block the gnoll's attack. You block the gnoll bouda's attack.
The gnoll hits you from afar with a +0 spear.
You slash the gnoll bouda!
The gnoll bouda is almost dead.
The gnoll bouda hits you with a +0 whip!
The gnoll hits you from afar with a +0 spear.
The gnoll bouda barks out a call to the hunt!
The gnolls pick up the pace!
You hit the gnoll bouda.
You kill the gnoll bouda!
The gnoll hits you from afar with a +0 spear.
* * * LOW HITPOINT WARNING * * *
Found a scroll of fog.
The gnoll hits you with a +0 spear.
* * * LOW HITPOINT WARNING * * *
The gnoll hits you from afar with a +0 halberd.
* * * LOW HITPOINT WARNING * * *
The gnoll misses you.
Things that are here:
a +0 whip; a +0 robe You closely miss the gnoll.
You block the gnoll's attack.
The gnoll hits you from afar with a +3 halberd of venom!
You die...

..........##
...[...)...########
........).........#
................<.#
#.)...............######
#.................$.$...
##############...#######
###.# #@# #g#


#gg gg!# .... ...... ...... ..?..... You could see 5 gnolls.

Vanquished Creatures
  Sigmund (D:2)
  A scorpion (D:4)
  A crimson imp (D:3)
  An orc priest (D:3)
  Ijyb (D:4)
  A gnoll bouda (D:4)
  Natasha (thrice) (D:2)
  An iguana (D:3)
  3 adders
  2 worms (D:2)
  A dart slug (D:1)
  6 orcs (D:3)
  8 ball pythons
  An endoplasm (D:3)
  6 goblins
  7 hobgoblins
  2 quokkas
  7 bats
  6 frilled lizards
  4 kobolds
  5 rats
68 creatures vanquished.

Notes
Turn   | Place    | Note
-------+----------+-------------------------------------------
     0 | D:1      | lonewolfV2 the Formicid Fighter began the quest for the
                  | Orb.
     0 | D:1      | Reached XP level 1. HP: 18/18 MP: 1/1
    65 | D:1      | Reached XP level 2. HP: 24/24 MP: 2/2
   571 | D:2      | Noticed Sigmund
   583 | D:2      | Killed Sigmund
   584 | D:2      | Reached skill level 6 in Shields
   584 | D:2      | Reached XP level 3. HP: 13/31 MP: 3/3
   584 | D:2      | Reached XP level 4. HP: 16/38 MP: 4/4
   584 | D:2      | Reached XP level 5. HP: 18/43 MP: 5/5
   792 | D:2      | Reached skill level 7 in Shields
   845 | D:2      | Noticed Natasha
   855 | D:2      | Killed Natasha
   856 | D:2      | Reached XP level 6. HP: 42/50 MP: 6/6
   943 | D:2      | Noticed Natasha
   957 | D:2      | Killed Natasha
   958 | D:2      | Reached skill level 5 in Fighting
  1102 | D:2      | Found a shadowy altar of Dithmenos.
  1190 | D:2      | Noticed Natasha
  1199 | D:2      | Killed Natasha
  1884 | D:2      | Identified a scroll of acquirement
  1884 | D:2      | Acquired 1165 gold pieces
  1994 | D:3      | Found a shimmering altar of Xom.
  1994 | D:3      | Found a burning altar of Makhleb.
  2040 | D:3      | Found an ornate altar of the Wu Jian Council.
  2106 | D:3      | Reached XP level 7. HP: 56/56 MP: 7/7
  2161 | D:3      | Found a radiant altar of Vehumet.
  2306 | D:3      | Reached skill level 8 in Shields
  2524 | D:4      | Found a shadowy altar of Dithmenos.
  2600 | D:4      | Noticed Ijyb
  2629 | D:4      | Killed Ijyb
  2981 | D:4      | Mangled by a gnoll

Illustrated notes

Levels and vault maps discovered:
D:1:      lightli_arrival_boilingwater, layout_basic, fountainhead
D:2:      layout_basic, basic_altar, uniq_sigmund, uniq_natasha
D:3:      layout_rooms, grunt_temple_overflow_champion_of_chaos,
          mainiacjoe_overflow_chevrons, mainiacjoe_overflow_24_doors,
          minmay_vboxes
D:4:      layout_basic, mainiacjoe_overflow_cross_hatched,
          mainiacjoe_overflow_boulevard, uniq_ijyb, uniq_grinder

Skill      XL: |  1  2  3  4  5  6  7 |
---------------+----------------------+-----
Fighting       | 4 5 6 |  6.2
Shields        | 6 7 8 |  8.5
Axes           | |  2.0
Armour         | |  3.2

Action                     |  1- 3 |  4- 6 |  7- 9 || total
---------------------------+-------+-------+-------++-------
  Melee: War axe           |    32 |    78 |    87 ||   197
         Unarmed           |       |    14 |       ||    14
    Use: Scroll            |     2 |     2 |     7 ||    11
 Armour: Scale mail        |    17 |    15 |       ||    32
         Plate armour      |       |    10 |    49 ||    59
         Chain mail        |       |     8 |       ||     8
         Skin              |       |     2 |       ||     2
  Dodge: Dodged            |    28 |    64 |    40 ||   132
  Block: Buckler           |     8 |    34 |    37 ||    79
